 Dungeon Crawl Stone Soup version 0.29-a0-283-ga02f740833 (webtiles) character file.

Game seed: 14904567600429366391

135599 Pizon the Unseen (level 16, -11/85 HPs)
             Began as a Spriggan Enchanter on Mar 13, 2022.
             Was the Champion of Dithmenos.
             Mangled by a nagaraja
             ... wielding a +0 whip of freezing
              (18 damage)
             ... on level 2 of the Snake Pit.
             The game lasted 02:03:48 (34415 turns).

Pizon the Unseen (Spriggan Enchanter)              Turns: 34415, Time: 02:03:49

Health: -11/85     AC: 11    Str: 10    XL:     16   Next: 64%
Magic:  28/37      EV: 28    Int: 24    God:    Dithmenos [******]
Gold:   1213       SH:  0    Dex: 16    Spells: 31/48 levels left

rFire   . . .      SeeInvis +   k - +6 dagger (vamp)
rCold   . . .      Faith    .   (no shield)
rNeg    . . .      Spirit   .   C - +4 steam dragon scales
rPois   +          Reflect  .   f - +2 hat
rElec   .          Harm     .   W - +2 cloak of Ewarchej {Will- Int+6}
rCorr   .          Rampage  .   (gloves unavailable)
Will    +....                   (boots unavailable) Stlth ****++++++
                                (no amulet)
HPRegen 1.04/turn               e - ring of poison resistance
MPRegen 0.25/turn               T - +4 ring of evasion

@: confusing by touch, wreathed by umbra, constricted, very quick
A: very small, no large weapons, unfitting armour, see invisible, speed 3, horns
1, deformed body, regeneration 1
a: Renounce Religion, Shadow Step, Shadow Form


You were on level 2 of the Snake Pit.
You worshipped Dithmenos.
Dithmenos was exalted by your worship.
You visited 5 branches of the dungeon, and saw 27 of its levels.
You also visited: Ossuary, Gauntlet and Ice Cave.

You collected 3234 gold pieces.
You spent 2021 gold pieces at shops.

Inventory:

Hand Weapons
 k - a +6 vampiric dagger (weapon)
 m - a +2 rapier of venom
 L - a +4 dagger
Missiles
 o - 2 throwing nets (quivered)
 F - 31 poisoned darts
 K - 6 atropa-tipped darts
 O - 20 curare-tipped darts
Armour
 f - a +2 hat (worn)
 C - +4 steam dragon scales (worn)
 Q - a +0 cloak
 W - the +2 cloak of Ewarchej (worn) {Will- Int+6}
   (You bought it in a shop on level 2 of the Orcish Mines)

   Int:       It affects your intelligence (+6).
   Will:      It decreases your willpower.
Jewellery
 d - a ring of protection from fire
 e - a ring of poison resistance (left hand)
 h - a ring of protection from cold
 r - a ring of positive energy
 A - a ring of flight
 G - a ring of magical power
 J - a ring of protection from fire
 T - a +4 ring of evasion (right hand)
Wands
 w - a wand of charming (5)
 D - a wand of polymorph (8)
 M - a wand of paralysis (12)
 N - a wand of acid (1)
 R - a wand of flame (36)
 S - a wand of digging (4)
 Z - a wand of iceblast (5)
Scrolls
 j - 12 scrolls of teleportation
 l - 3 scrolls of blinking
 p - 6 scrolls of fog
 t - 4 scrolls of identify
 v - 3 scrolls of amnesia
 y - 5 scrolls of magic mapping
 E - a scroll of fear
 X - a scroll of immolation
Potions
 b - a potion of might
 c - a potion of invisibility
 g - 5 potions of haste
 i - 6 potions of flight
 q - 8 potions of heal wounds
 s - 2 potions of magic
 u - 7 potions of brilliance
 x - 5 potions of resistance
 z - 3 potions of lignification
 B - 14 potions of curing
 I - 2 potions of cancellation
 Y - a potion of mutation
Miscellaneous
 n - a lightning rod (4/4)
 P - a tin of tremorstones (2/2)
 V - a phantom mirror


   Skills:
 + Level 10.1 Fighting
 - Level 12.3 Short Blades
 + Level 15.5 Dodging
 + Level 20.4 Stealth
 + Level 16.5 Spellcasting
 + Level 16.7 Hexes


You had 31 spell levels left.
You knew the following spells:

 Your Spells              Type           Power      Damage    Failure   Level
a - Ensorcelled Hibernat  Hex/Ice        100%       N/A       1%          2
b - Tukima's Dance        Hex            79%        N/A       0%          3
c - Dazzling Flash        Conj/Hex       100%       N/A       1%          3
d - Confusing Touch       Hex            79%        N/A       0%          3
e - Mephitic Cloud        Conj/Pois/Air  19%        N/A       9%          3
f - Stone Arrow           Conj/Erth      38%        3d9       9%          3

Your spell library contained the following spells:

 Spells                   Type           Power      Damage    Failure   Level
 Inner Flame              Hex/Fire       56%        N/A       1%          3
 Anguish                  Hex/Necr       28%        N/A       1%          4
 Animate Skeleton         Necr           38%        N/A       2%          1
 Apportation              Tloc           38%        N/A       2%          1
 Beastly Appendage        Tmut           38%        N/A       2%          1
 Foxfire                  Conj/Fire      76%        2x1d7     2%          1
 Magic Dart               Conj           76%        1d6       2%          1
 Sandblast                Erth           38%        2d10      2%          1
 Summon Small Mammal      Summ           76%        N/A       2%          1
 Call Imp                 Summ           19%        N/A       4%          2
 Passwall                 Tmut/Erth      15%        N/A       4%          2
 Wereblood                Tmut           19%        N/A       4%          2
 Conjure Flame            Conj/Fire      19%        6-21      9%          3
 Spider Form              Tmut/Pois      19%        N/A       9%          3
 Swiftness                Air            19%        N/A       9%          3
 Airstrike                Air            9%         N/A       26%         4
 Flame Wave               Conj/Fire      19%        2d6       26%         4
 Iskenderun's Mystic Bla  Conj/Tloc      19%        2d6       26%         4
 Summon Lightning Spire   Summ/Air       19%        N/A       26%         4
 Alistair's Intoxication  Tmut/Pois      12%        N/A       58%         5
 Blade Hands              Tmut           9%         N/A       58%         5
 Iskenderun's Battlesphe  Conj           19%        2d7       58%         5
 Lightning Bolt           Conj/Air       9%         1d22      58%         5
 Iron Shot                Conj/Erth      9%         9d3       99%         6
 Starburst                Conj/Fire      9%         6d5       99%         6
 Statue Form              Tmut/Erth      12%        N/A       99%         6
 Dragon Form              Tmut           9%         N/A       100%        7
 Spellforged Servitor     Conj/Summ      9%         N/A       100%        7
 Chain Lightning          Conj/Air       9%         3d12      100%        9
 Fire Storm               Conj/Fire      9%         8d3       100%        9
 Shatter                  Erth           9%         3d11*     100%        9


Dungeon Overview and Level Annotations

Branches:
Dungeon (15/15)            Temple (1/1) D:5            Lair (6/6) D:9
  Swamp (0/4) Lair:2        Snake (3/4) Lair:3        Slime (0/5) Lair:5
    Orc (2/2) D:12            Elf (0/3) Orc:2        Vaults (0/5) D:13
 Depths (0/4) D:15        Ossuary (visited)           IceCv (visited)
Gauntlet (visited)

Altars:
Ashenzari
Cheibriados
Dithmenos
Elyvilon
Fedhas
Gozag
Hepliaklqana
Kikubaaqudgha
Makhleb
Nemelex Xobeh
Okawaru
Qazlal
Ru
Sif Muna
Trog
Uskayaw
Vehumet
Wu Jian
Xom
Yredelemnul
Zin
The Shining One
Beogh
Lugonu

Shops:
D:13 ?   Orc:2 ?*[*[   Snake:1 *

Portals:
Abyss: Lair:6
Trove: D:12 (give 5 scrolls of fear)

Annotations:
Lair:5 exclusion: 3 oklob plants
Snake:2 2 transporters, Widid's ghost, adept TeFE
Orc:2 2 transporters, Pinguinius's ghost, journeyman DrCj


Innate Abilities, Weirdness & Mutations

You are very small and have problems with some larger weapons.
You are too small for most types of armour.
You have supernaturally acute eyesight. (SInv)
You cover ground extremely quickly. (Speed+++)
You have a pair of small horns on your head.
Armour fits poorly on your strangely shaped body.
Your natural rate of healing is unusually fast.


Message History

The nagaraja hits you but does no damage.
The nagaraja grabs you. The nagaraja constricts you.
You hit the nagaraja but do no damage.
You headbutt the nagaraja, but do no damage.
The nagaraja spits poison at you. The splash of poison hits you. You resist.
The nagaraja constricts you.
You hit the nagaraja but do no damage.
You headbutt the nagaraja, but do no damage.
The nagaraja hits you with a +0 whip of freezing!
The nagaraja freezes you. The nagaraja constricts you.
You are too injured to fight recklessly!
You are too injured to fight recklessly!
You are too injured to fight recklessly!
You are too injured to fight recklessly!
You hit the nagaraja but do no damage.
You headbutt the nagaraja, but do no damage.
You hit the nagaraja but do no damage.
The nagaraja hits you with a +0 whip of freezing!
* * * LOW HITPOINT WARNING * * *
You emit a cloud of dark smoke.
The nagaraja freezes you.
* * * LOW HITPOINT WARNING * * *
The nagaraja constricts you.
* * * LOW HITPOINT WARNING * * *
You hit the nagaraja but do no damage. Your headbutt misses the nagaraja.
Your shadow hits the nagaraja with a dagger.
The nagaraja points at you and mumbles some strange words.
You struggle to resist.
The nagaraja constricts you.
* * * LOW HITPOINT WARNING * * *
You hit the nagaraja but do no damage. Your headbutt misses the nagaraja.
The nagaraja is lightly wounded.
The nagaraja barely misses you. The nagaraja constricts you.
* * * LOW HITPOINT WARNING * * *
You hit the nagaraja but do no damage.
The nagaraja is lightly wounded.
You hit the nagaraja but do no damage.
You headbutt the nagaraja, but do no damage.
The nagaraja is lightly wounded.
Your shadow hits the nagaraja but does no damage.
The nagaraja hits you with a +0 whip of freezing!!
You die...

#.......# #......... #....####
#...#..... ##...#
####......... #...###
####....#.......
####...####....####....##.
##......#......## ###......
#.......#.##...####......#.
#.....##.§#§§......)..##...
#...#....#@§§..###<........
####.....N§§§..##...#......
##...###§§.###.).#[##... #)###
#...###)....#.... #.#
####...#.........#. ########.#
#..........#.#.....
#......#.###..................
#..).........÷..........#.....
#..)..##.##)>.................


You could see a nagaraja (fast).

Vanquished Creatures
  Rupert (D:15)
  Jorgrun (D:15)
  Gastronok (D:9)
  Roxanne (D:15)
  A nagaraja (Snake:2)
  Aizul (Snake:1)
  A stone giant (D:15)
  A minotaur (Gauntlet)
  4 vault guards (D:13)
  A salamander tyrant (Snake:1)
  3 naga warriors (Snake:2)
  9 hydras
  2 boulder beetles
  4 centaur warriors
  7 anacondas
  14 two-headed ogres
  3 ogre magi (Orc:2)
  A tengu warrior (D:15)
  3 thrashing horrors (Lair:6)
  4 shock serpents
  Sonja (Lair:5)
  A naga sharpshooter (Snake:2)
  3 skeletal warriors (D:13)
  A naga ritualist (Snake:1)
  A flayed ghost (D:14)
  A lindwurm (Lair:6)
  3 wizards
  An orc knight (D:13)
  3 deep elf pyromancers (D:15)
  4 mana vipers
  2 large abominations (Lair:6)
  21 ugly things
  5 manticores
  5 cyclopes
  3 guardian serpents
  4 salamanders
  3 elephants (Lair:2)
  20 black mambas
  A gargoyle (D:14)
  7 naga magi
  A torpor snail (Lair:4)
  An efreet (D:15)
  10 rime drakes
  7 cane toads
  9 komodo dragons
  A komodo dragon (shapeshifter) (Lair:6)
  A yaktaur (D:13)
  A freezing wraith (D:15)
  6 kobold demonologists
  An ancient zyme (Lair:6)
  A tengu conjurer (D:15)
  A meliai (shapeshifter) (D:14)
  6 trolls
  3 meliai (D:15)
  A tyrant leech (Lair:2)
  A hornet (D:9)
  19 slime creatures
  17 dream sheep
  31 blink frogs
  A raiju (shapeshifter) (Lair:6)
  2 shadows (D:11)
  34 yaks
  A vampire (D:11)
  A dire elephant simulacrum (IceCv)
  4 wraiths
  A centaur simulacrum (D:15)
  2 spriggans (Lair:6)
  A ynoxinul (Lair:6)
  A human (D:13)
  16 basilisks
  9 wyverns
  4 chaos spawn
  A death yak simulacrum (Lair:2)
  18 vampire mosquitoes
  2 steam dragons
  4 wargs
  Grum (D:8)
  2 swamp worms (Lair:2)
  11 small abominations
  An acid dragon (D:9)
  28 nagas
  A hell hound (Lair:6)
  10 water moccasins
  19 orc warriors
  5 ice beasts
  A black bear (D:4)
  3 sky beasts
  22 ogres
  19 wolves
  5 centaurs
  4 kobold brigands
  2 bullfrogs
  A cane toad simulacrum (Lair:2)
  3 necrophages
  2 scorpions
  3 wights
  6 killer bees (D:9)
  An elephant simulacrum (Lair:2)
  An electric eel (Snake:1)
  4 howler monkeys
  A human zombie (Ossuary)
  3 jellies
  A gnoll shaman (D:6)
  13 orc priests
  3 hounds
  7 iguanas
  A polar bear simulacrum (Lair:2)
  22 orc wizards
  4 hell rats (Lair:6)
  2 wolf simulacra (IceCv)
  4 mummies
  6 adders
  9 gnolls
  3 river rats (D:3)
  A worm (D:3)
  3 dart slugs
  55 orcs
  9 endoplasms
  5 giant cockroaches
  6 hobgoblins
  20 kobolds
  5 quokkas
  8 ball pythons
  6 bats
  5 frilled lizards
  A gnoll zombie (Ossuary)
  10 goblins
  2 goblin zombies (Ossuary)
  5 hobgoblin zombies
  5 kobold zombies (Ossuary)
  10 rats
763 creatures vanquished.

Vanquished Creatures (collateral kills)
  A naga warrior (Snake:2)
  An ogre mage (Orc:2)
  2 two-headed ogres (Orc:2)
  2 naga sharpshooters
  A deep elf archer (D:13)
  An orc knight (Orc:1)
  2 salamanders (Snake:2)
  2 naga magi (Snake:2)
  A tengu conjurer (D:13)
  A naga (Lair:3)
  3 orc warriors
  2 ogres (Orc:2)
  2 wights (D:8)
  An orc priest (Orc:1)
  2 orc wizards (Orc:1)
  3 gnolls
  13 orcs
  A hobgoblin (D:12)
  A kobold (D:2)
  A quokka (D:5)
43 creatures vanquished.

Vanquished Creatures (others)
  20 dancing weapons
  A naga (Snake:2)
  An orc (D:7)
  18 fungi
  25 plants
65 creatures vanquished.

Grand Total: 871 creatures vanquished

Notes
Turn   | Place    | Note
-------+----------+-------------------------------------------
     0 | D:1      | Pizon the Spriggan Enchanter began the quest for the Orb.
     0 | D:1      | Reached XP level 1. HP: 9/9 MP: 5/5
   311 | D:1      | Found a faded altar of an unknown god.
   544 | D:1      | Reached XP level 2. HP: 13/13 MP: 7/7
   557 | D:1      | Learned a level 2 spell: Ensorcelled Hibernation
  1761 | D:2      | Reached XP level 3. HP: 8/16 MP: 3/9
  2053 | D:1      | Learned a level 3 spell: Tukima's Dance
  2057 | D:1      | Learned a level 3 spell: Confusing Touch
  2197 | D:2      | Reached XP level 4. HP: 21/21 MP: 1/11
  2308 | D:2      | Reached skill level 5 in Hexes
  2879 | D:3      | You fall into a shaft and drop 2 floors!
  2879 | D:5      | Entered Level 5 of the Dungeon
  3464 | D:3      | Found a hazy altar of Hepliaklqana.
  3773 | D:3      | Reached XP level 5. HP: 24/24 MP: 8/13
  3777 | D:3      | Reached skill level 5 in Spellcasting
  4004 | D:3      | HP: 1/24 [orc wizard/puff of flame (5)]
  4006 | D:3      | Gained mutation: You expend magic power (3 MP) to
                  | strengthen your wands. [potion of mutation]
  4006 | D:3      | Gained mutation: You are frail. (-10% HP) [potion of
                  | mutation]
  4006 | D:3      | Gained mutation: Armour fits poorly on your strangely
                  | shaped body. [potion of mutation]
  4695 | D:3      | Reached skill level 5 in Stealth
  5458 | D:4      | Reached XP level 6. HP: 19/25 MP: 12/15
  5622 | D:4      | Reached skill level 6 in Stealth
  5968 | D:5      | Reached XP level 7. HP: 28/28 MP: 12/17
  6221 | D:5      | Reached skill level 7 in Stealth
  6606 | D:5      | Found a staircase to the Ecumenical Temple.
  6616 | Temple   | Entered the Ecumenical Temple
  6623 | Temple   | Became a worshipper of Dithmenos the Shadowed
  7202 | D:6      | Noticed a yak
  7202 | D:6      | Noticed a purple ugly thing
  7209 | D:6      | Killed a purple ugly thing
  7209 | D:6      | Reached * piety under Dithmenos
  7209 | D:6      | Killed a yak
  7210 | D:6      | Reached skill level 10 in Stealth
  7210 | D:6      | Reached XP level 8. HP: 17/32 MP: 12/21
  7299 | D:6      | Reached XP level 9. HP: 35/35 MP: 22/22
  7523 | D:6      | Found a sand-covered staircase.
  7528 | Ossuary  | Entered an ossuary
  7919 | Ossuary  | Reached skill level 11 in Stealth
  8773 | D:6      | Reached ** piety under Dithmenos
  9218 | D:7      | Reached skill level 1 in Fighting
  9614 | D:7      | Reached skill level 10 in Hexes
 10006 | D:7      | Identified the +1 mace of Paper {protect, rN+ Int+2 Stlth+}
 10368 | D:8      | Noticed Grum
 10385 | D:8      | Killed Grum
 10393 | D:8      | Reached skill level 12 in Stealth
 10396 | D:8      | Reached skill level 10 in Spellcasting
 10396 | D:8      | Reached XP level 10. HP: 22/41 MP: 0/25
 10565 | D:8      | Found a sacrificial altar of Ru.
 10707 | D:8      | Reached skill level 5 in Dodging
 11398 | D:9      | Found a broken altar of Ashenzari.
 11414 | D:9      | Reached *** piety under Dithmenos
 11587 | D:9      | Noticed Gastronok
 11618 | D:9      | Killed Gastronok
 12132 | D:9      | Noticed a two-headed ogre
 12138 | D:9      | Killed a two-headed ogre
 12139 | D:9      | Reached skill level 5 in Short Blades
 12139 | D:9      | Reached skill level 13 in Stealth
 12142 | D:9      | Found a staircase to the Lair.
 12408 | D:9      | Found an iron altar of Okawaru.
 13060 | D:10     | Entered Level 10 of the Dungeon
 13205 | D:10     | Reached XP level 11. HP: 47/47 MP: 26/26
 14373 | D:11     | Noticed a two-headed ogre
 14374 | D:11     | Killed a two-headed ogre
 14423 | D:11     | Reached **** piety under Dithmenos
 15193 | D:11     | Found a hazy altar of Hepliaklqana.
 15272 | D:11     | Reached skill level 14 in Stealth
 15301 | D:12     | Noticed a green ugly thing
 15312 | D:12     | Killed a green ugly thing
 15364 | D:12     | Found a gate leading to a gauntlet.
 15373 | Gauntlet | Entered a Gauntlet
 15373 | Gauntlet | Found a transporter.
 15373 | Gauntlet | Found a transporter.
 15411 | Gauntlet | Found a transporter.
 15415 | Gauntlet | Found a transporter.
 15423 | Gauntlet | Found a transporter.
 15427 | Gauntlet | Found a transporter.
 15431 | Gauntlet | Found a runed translucent door.
 15431 | Gauntlet | Found a runed translucent door.
 15435 | Gauntlet | Found a transporter.
 15450 | Gauntlet | Found a runed translucent door.
 15451 | Gauntlet | Found a transporter.
 15452 | Gauntlet | Found a runed translucent door.
 15465 | Gauntlet | Found a transporter.
 15469 | Gauntlet | Found a transporter.
 15477 | Gauntlet | Found a transporter.
 15481 | Gauntlet | Found a transporter.
 15582 | Gauntlet | Gained mutation: You have a pair of small horns on your
                  | head. [a neqoxec]
 15781 | Gauntlet | Identified the -4 cloak of Fataiv {Harm rF- Int+4}
 15798 | Gauntlet | Noticed a minotaur
 15818 | Gauntlet | Killed a minotaur
 15822 | Gauntlet | Lost mutation: You are frail. (-10% HP) [potion of
                  | mutation]
 15822 | Gauntlet | Lost mutation: You expend magic power (3 MP) to strengthen
                  | your wands. [potion of mutation]
 15822 | Gauntlet | Gained mutation: Your natural rate of healing is unusually
                  | fast. [potion of mutation]
 16237 | D:12     | Reached skill level 5 in Fighting
 16316 | D:12     | Found a portal to a secret trove of treasure.
 16408 | D:12     | Found a staircase to the Orcish Mines.
 16442 | D:12     | Reached XP level 12. HP: 60/60 MP: 18/28
 16809 | D:12     | Noticed an eight-headed hydra
 16841 | D:12     | Killed an eight-headed hydra
 16882 | D:12     | Identified a scroll of acquirement
 16882 | D:12     | Acquired 425 gold pieces
 17215 | D:13     | Reached ***** piety under Dithmenos
 17230 | D:13     | Noticed a five-headed hydra
 17263 | D:13     | Found Iblokloa's Magic Scroll Emporium.
 17329 | D:12     | Reached skill level 15 in Stealth
 17349 | D:13     | Bought a scroll of identify for 36 gold pieces
 17349 | D:13     | Bought a scroll of identify for 36 gold pieces
 17349 | D:13     | Bought a scroll of enchant armour for 135 gold pieces
 17349 | D:13     | Bought a scroll of enchant armour for 135 gold pieces
 17408 | D:13     | Killed a five-headed hydra
 17667 | D:13     | Noticed a two-headed ogre
 17687 | D:13     | Killed a two-headed ogre
 17688 | D:13     | Reached skill level 10 in Dodging
 18187 | D:13     | Noticed a vault guard
 18250 | D:13     | Killed a vault guard
 18560 | D:13     | Noticed a vault guard
 18585 | D:13     | Killed a vault guard
 18596 | D:13     | Reached XP level 13. HP: 65/65 MP: 17/30
 18745 | D:13     | Found a gate to the Vaults.
 18806 | D:14     | Reached skill level 16 in Stealth
 19896 | Lair:1   | Entered Level 1 of the Lair of Beasts
 20926 | Lair:2   | Found a hide-covered altar of Uskayaw.
 20928 | Lair:2   | Found an ornate altar of the Wu Jian Council.
 20977 | Lair:2   | Reached skill level 17 in Stealth
 20988 | Lair:2   | Found a frozen archway.
 21003 | IceCv    | Entered an ice cave
 21009 | IceCv    | Found a transporter.
 21038 | IceCv    | Found a transporter.
 21228 | Lair:2   | Found a staircase to the Swamp.
 21577 | Lair:3   | Reached XP level 14. HP: 56/72 MP: 32/32
 21899 | Lair:3   | Reached ****** piety under Dithmenos
 22111 | Lair:3   | Found a staircase to the Snake Pit.
 22634 | Lair:4   | Reached skill level 10 in Short Blades
 23446 | Lair:5   | Found a staircase to the Slime Pits.
 23465 | Lair:5   | Noticed Sonja
 23472 | Lair:5   | Killed Sonja
 24304 | Lair:6   | Entered Level 6 of the Lair of Beasts
 24734 | Lair:6   | Learned a level 3 spell: Mephitic Cloud
 24738 | Lair:6   | Learned a level 3 spell: Dazzling Flash
 24742 | Lair:6   | Learned a level 3 spell: Stone Arrow
 25067 | Lair:6   | Reached skill level 18 in Stealth
 25865 | Lair:6   | Reached skill level 15 in Hexes
 26170 | Lair:6   | Reached XP level 15. HP: 78/78 MP: 21/34
 26811 | Lair:6   | Reached skill level 15 in Spellcasting
 26963 | Lair:6   | Found a corrupted altar of Lugonu.
 26963 | Lair:6   | Found a one-way gate to the infinite horrors of the Abyss.
 27375 | Orc:1    | Entered Level 1 of the Orcish Mines
 27825 | Orc:2    | Entered Level 2 of the Orcish Mines
 28582 | Orc:2    | Found a staircase to the Elven Halls.
 28690 | Orc:2    | Noticed Pinguinius's ghost (journeyman DrCj)
 28695 | Orc:2    | Found an iron altar of Okawaru.
 28704 | Orc:2    | Found a transporter.
 28708 | Orc:2    | Found Tayxkix's Magic Scroll Emporium.
 28770 | Orc:2    | Found Sueh's Antique Armour Boutique.
 28770 | Orc:2    | Found Opomoto's Antique Armour Emporium.
 28772 | Orc:2    | Found Fuall's Assorted Antiques.
 28772 | Orc:2    | Found Duny's Assorted Antiques.
 29248 | Orc:2    | Bought a jewelled cloak for 228 gold pieces
 29248 | Orc:2    | Identified the +2 cloak of Ewarchej {Will- Int+6} (You
                  | bought it in a shop on level 2 of the Orcish Mines)
 29260 | Orc:2    | Bought a potion of heal wounds for 140 gold pieces
 29260 | Orc:2    | Bought a potion of curing for 84 gold pieces
 29261 | Orc:2    | Bought 2 potions of heal wounds for 290 gold pieces
 29261 | Orc:2    | Bought a scroll of magic mapping for 101 gold pieces
 29312 | Orc:2    | Reached skill level 19 in Stealth
 29583 | Orc:2    | Found a transporter.
 29767 | Orc:2    | Bought a scroll of immolation for 52 gold pieces
 29767 | Orc:2    | Bought a scroll of enchant weapon for 112 gold pieces
 29767 | Orc:2    | Bought a scroll of fog for 30 gold pieces
 29767 | Orc:2    | Bought a scroll of teleportation for 45 gold pieces
 29767 | Orc:2    | Bought a scroll of teleportation for 45 gold pieces
 29767 | Orc:2    | Bought a scroll of fog for 30 gold pieces
 29767 | Orc:2    | Bought a scroll of identify for 30 gold pieces
 29891 | D:15     | Entered Level 15 of the Dungeon
 30260 | D:15     | Found a staircase to the Depths.
 30435 | D:15     | Noticed Jorgrun
 30438 | D:15     | Killed Jorgrun
 30793 | D:15     | Identified Roxanne's Reference Book on Transmigration
 30793 | D:15     | Noticed Roxanne
 31026 | D:15     | Killed Roxanne
 31249 | D:15     | Noticed Rupert
 31251 | D:15     | Killed Rupert
 31573 | Snake:1  | Entered Level 1 of the Snake Pit
 31619 | Snake:1  | Reached XP level 16. HP: 82/84 MP: 27/36
 32104 | Snake:1  | Found Vojone Fuatu's Assorted Antiques.
 32119 | Snake:1  | Bought a potion of curing for 72 gold pieces
 32119 | Snake:1  | Bought a scroll of blinking for 180 gold pieces
 32119 | Snake:1  | Bought a scroll labelled TUIQAN USHI for 24 gold pieces
 32119 | Snake:1  | Bought 3 potions of curing for 216 gold pieces
 32504 | Snake:1  | Noticed Aizul
 32506 | Snake:1  | Killed Aizul
 32708 | Snake:2  | Reached skill level 15 in Dodging
 32795 | Snake:2  | Reached skill level 20 in Stealth
 33300 | Snake:2  | Found a transporter.
 33318 | Snake:2  | Noticed Widid's ghost (adept TeFE)
 33321 | Snake:2  | Found a transporter.
 33788 | Snake:3  | Reached skill level 10 in Fighting
 34415 | Snake:2  | Mangled by a nagaraja

Illustrated notes

Levels and vault maps discovered:
D:1:      saegor_arrival_simple_a, layout_basic,
          dreamdust_ecumenical_altar_angels_and_demons, minmay_misc_feat_columns
D:2:      layout_basic, minmay_hexomino_p4
D:3:      layout_basic, mainiacjoe_overflow_tiny_flanked,
          lightli_sewer_entry_pipes, grunt_ministairs_1, hangedman_glass_teeth
D:4:      layout_rooms, lemuel_old_faithful
D:5:      layout_basic, minmay_temple_entry_crystal_x
D:6:      hangedman_cross_stitches, layout_loops_ring,
          nicolae_ossuary_entry_giza
D:7:      layout_basic
D:8:      layout_basic, mainiacjoe_overflow_surrounded_room, uniq_grum
D:9:      layout_basic, nicolae_overflow_hidden_temple, ashenzari_altar_1,
          david_lair_shrubbed, uniq_gastronok
D:10:     layout_long_grid, grunt_decor_mini_mirrors, grunt_ministairs_6
D:11:     layout_loops_ring, nzn_hepliaklqana_mist_gate
D:12:     layout_long_grid, erik_orc_3, nicolae_trove_entry_free_sample,
          gauntlet_entry_generic
D:13:     layout_cross, grunt_vaults_entry_fortified, serial_shops,
          nicolae_shop_behind_doors
D:14:     layout_irregular_city, hellmonk_bongcloud_opening
D:15:     grunt_enter_depths_giant_problem, layout_gridville,
          nicolae_fountain_basement, uniq_jorgrun, uniq_rupert, uniq_roxanne
Temple:   nicolae_temple_no_exploring_needed
Lair:1:   layout_regular_city
Lair:2:   layout_layer_cave, minmay_swamp_entry_worms,
          portal_ice_cave_entry_ice_simulacra, nzn_masters_of_martial_movement,
          lemuel_fruit_fields
Lair:3:   layout_regular_city, minmay_snake_entry_guardpost_small,
          infiniplex_staircase_pool
Lair:4:   layout_misc_corridors, grunt_megastairs_5
Lair:5:   layout_long_grid, minmay_slime_entry_pillars, disabler_island,
          uniq_sonja
Lair:6:   hellmonk_lair_end_abyssal_woods, layout_cave_pods, special_room
          [special_room_mythical_zoo]
Snake:1:  layout_misc_corridors, serial_shops, nicolae_shop_statue_plus,
          nicolae_snake_shapes, uniq_aizul
Snake:2:  layout_misc_corridors, gammafunk_ghost_arena
Snake:3:  layout_misc_corridors, ebering_ghost_gozag
Orc:1:    layout_caves
Orc:2:    st_orc_ogre_mass, layout_diamond_mine,
          gammafunk_ghost_berserking_beasts, basic_altar, serial_shops, shop,
          okawaru_metal_pillars_1_2

Skill      XL: |  1  2  3  4  5  6  7  8  9 10 11 12 13 14 15 16 |
---------------+-------------------------------------------------+-----
Spellcasting   | 3 4 5 6 8 10 11 12 13 14 15 16 | 16.5
Hexes          | 4 5 6 9 10 11 12 13 14 15 16 | 16.7
Stealth        | 5 6 10 12 13 14 15 17 18 19 20 | 20.4
Dodging        | 4 6 8 10 11 13 14 15 | 15.5
Short Blades   | 3 5 6 8 9 11 12 | 12.3
Fighting       | 2 3 5 6 7 8 9 10 | 10.1

Action                   |  1- 3 |  4- 6 |  7- 9 | 10-12 | 13-15 | 16-18 || total
-------------------------+-------+-------+-------+-------+-------+-------++-------
Melee: Dagger            |    59 |   218 |   204 |   357 |   841 |   188 ||  1867
       Short sword       |     4 |       |       |       |       |       ||     4
       Punch             |     1 |     2 |     1 |     7 |     7 |     1 ||    19
       Headbutt          |       |       |       |    41 |   175 |    46 ||   262
Throw: Throwing net      |       |       |       |       |     1 |       ||     1
 Cast: Ensorcelled Hiber |    12 |    56 |    59 |   154 |   351 |    64 ||   696
       Tukima's Dance    |     1 |     5 |    11 |    30 |    55 |    49 ||   151
       Confusing Touch   |       |     1 |    13 |    23 |    34 |     9 ||    80
       Stone Arrow       |       |       |       |       |    25 |     4 ||    29
       Mephitic Cloud    |       |       |       |       |     4 |       ||     4
Invok: Shadow Step       |       |       |       |       |     5 |     3 ||     8
Evoke: Wand              |       |     5 |     1 |    30 |     4 |       ||    40
       Tin of tremorston |       |       |       |     2 |     4 |       ||     6
       Lightning rod     |       |       |       |       |     4 |       ||     4
       Phantom mirror    |       |       |       |       |     1 |       ||     1
  Use: Scroll            |     4 |     5 |     8 |    16 |     9 |     2 ||    44
       Potion            |       |     3 |       |     8 |     6 |       ||    17
 Stab: Sleeping          |    14 |    32 |    44 |    93 |   266 |    60 ||   509
       Confused          |       |     1 |    11 |    24 |    30 |     7 ||    73
       Distracted        |       |       |     1 |     4 |     6 |     2 ||    13
       Invisible         |       |       |       |     3 |     1 |       ||     4
Armor: Robe              |     4 |    21 |    16 |       |       |       ||    41
       Steam dragon scal |       |       |     3 |    30 |    65 |    18 ||   116
Dodge: Dodged            |    39 |   182 |   153 |   350 |   923 |   209 ||  1856

Table legend: (Time is in decaauts)
 A = Elapsed time spent in this place.
 B = Non-inter-level travel time spent in this place.
 C = Inter-level travel time spent in this place.
 D = Time resting spent in this place.
 E = Time spent auto-exploring this place.
 F = Levels seen in this place.
 G = Mean time per level.
                   A        B        C        D        E       F      G
               +--------+--------+--------+--------+--------+-----+--------+
         Total |  26116 |  25042 |   1074 |   4374 |  14881 |  30 |  870.5 |
       Dungeon |  15759 |  15076 |    683 |   2558 |   9318 |  15 | 1050.6 |
        Temple |     10 |      6 |      4 |      0 |      0 |   1 |   10.0 |
          Lair |   5303 |   5087 |    216 |    509 |   3390 |   6 |  883.8 |
     Snake Pit |   2252 |   2170 |     82 |    695 |    977 |   3 |  750.7 |
  Orcish Mines |   1685 |   1598 |     87 |    178 |   1025 |   2 |  842.5 |
       Ossuary |    705 |    705 |      0 |    309 |     83 |   1 |  705.0 |
      Ice Cave |     54 |     54 |      0 |      0 |      0 |   1 |   54.0 |
      Gauntlet |    345 |    345 |      0 |    123 |     85 |   1 |  345.0 |
               +--------+--------+--------+--------+--------+-----+--------+

Top non-repeatable levels by time:
  Lair:6: 2240 daAuts
     D:3: 1550 daAuts
     D:1: 1521 daAuts
 Snake:2: 1381 daAuts
    D:13: 1356 daAuts
     D:9: 1299 daAuts
   Orc:2: 1238 daAuts
    D:12: 1230 daAuts
    D:10: 1095 daAuts
     D:2: 1027 daAuts
     D:5: 952 daAuts
    D:15: 943 daAuts
     D:6: 921 daAuts
    D:14: 914 daAuts
  Lair:3: 863 daAuts
